 Dungeon Crawl Stone Soup version 0.31-a0-1395-g7c67ea8c80 (webtiles) character file.

Game seed: 18343800491121301669

408 Descartes the Magician (level 6, -3/34 HPs)
             Began as a Deep Elf Wanderer on Dec 25, 2023.
             Killed by divine providence
             ... invoked by an orc priest
              (11 damage)
             ... on level 4 of the Dungeon.
             The game lasted 00:06:47 (2533 turns).

Descartes the Magician (Deep Elf Wanderer)          Turns: 2533, Time: 00:06:48

Health: -3/34      AC: 12    Str: 11    XL:     6   Next: 57%
Magic:  12/17      EV: 10    Int: 16    God:
Gold:   135        SH:  0    Dex: 15    Spells: 14/18 levels left

rFire   . . .        a - +2 quarterstaff
rCold   . . .        (shield currently unavailable)
rNeg    . . .        e - +0 swamp dragon scales
rPois   +            (no helmet)
rElec   .            (no cloak)
rCorr   .            b - +0 pair of gloves
SInv    .            (no boots)
Will    .....        (no amulet)
Stlth   +            k - +4 ring of protection
HPRegen 0.25/turn    (no ring)
MPRegen 0.15/turn

%: no passive effects
@: no status effects
A: no striking features
a: no special abilities


You were on level 4 of the Dungeon.
You visited 1 branch of the dungeon, and saw 4 of its levels.

You collected 135 gold pieces.

Inventory:

Hand Weapons
 a - a +2 quarterstaff (weapon)
 v - a +1 hand axe of flaming
 w - a +3 whip
Missiles
 q - 2 poisoned darts
Armour
 b - a +0 pair of gloves (worn)
 d - a +0 robe
 e - +0 swamp dragon scales (worn)
Magical Staves
 f - a staff of air
Jewellery
 k - a +4 ring of protection (left hand)
 x - a ring of ice
Wands
 m - a wand of quicksilver (8)
Scrolls
 c - 3 scrolls of teleportation
 g - a scroll of amnesia {unknown}
 i - a scroll of fear {unknown}
 l - a scroll of identify {unknown}
 p - a scroll of butterflies {unknown}
 r - a scroll of enchant armour {unknown}
Potions
 h - a potion of brilliance {unknown}
 j - 2 potions of berserk rage {unknown}
 n - 2 potions of degeneration {unknown}
 o - a potion of ambrosia {unknown}
 s - 2 potions of magic {unknown}
 t - a potion of heal wounds {unknown}
 u - a potion of curing {unknown}


   Skills:
 - Level 1.5 Fighting
 - Level 4.0 Staves
 - Level 1.0 Armour
 - Level 1.2 Dodging
 + Level 6.8 Spellcasting
 + Level 0.0 Conjurations
 + Level 5.0 Earth Magic


You had 14 spell levels left.
You knew the following spells:

 Your Spells              Type           Power      Damage    Failure   Level
a - Sandblast             Erth           42%        2d11      3%          1
b - Stone Arrow           Conj/Erth      26%        3d8       30%         3

Your spell library contained the following spells:

 Spells                   Type           Power      Damage    Failure   Level
 Passwall                 Alch/Erth      10%        N/A       16%         2
 Frozen Ramparts          Ice            10%        1d2       65%         3
 Fugue of the Fallen      Necr           5%         N/A       65%         3
 Ozocubu's Armour         Ice            5%         N/A       65%         3
 Brom's Barrelling Bould  Conj/Erth      13%        2d4       71%         4
 Leda's Liquefaction      Alch/Erth      6%         N/A       71%         4
 Petrify                  Alch/Erth      13%        N/A       71%         4
 Manifold Assault         Tloc           5%         N/A       96%         4
 Metabolic Englaciation   Hex/Ice        2%         N/A       100%        5


Dungeon Overview and Level Annotations

Branches:
Dungeon (4/15)
 Temple: D:4-7

Altars:
Nemelex Xobeh
Zin


Message History

The orc priest barely misses you.
You hit the orc priest but do no damage.
The orc priest is lightly wounded.
The orc priest invokes the aid of Beogh against you.
Beogh smites you!
You hit the orc priest but do no damage.
The orc priest is lightly wounded.
The orc priest barely misses you.
You hit the orc priest.
The orc priest is moderately wounded.
The orc priest hits you with a +1 dagger of venom.
The orc priest hits you but does no damage.
You barely miss the orc priest.
The orc priest is lightly wounded.
The orc priest completely misses you.
You hit the orc priest.
The orc priest is heavily wounded.
The orc priest hits you but does no damage.
You hit the orc priest.
The orc priest is severely wounded.
The orc priest closely misses you.
You hit the orc priest but do no damage.
The orc priest is severely wounded.
The orc priest mumbles some strange prayers to Beogh against you.
Pain shoots through your body!
* * * LOW HITPOINT WARNING * * *
You completely miss the orc priest.
The orc priest is severely wounded.
The orc priest hits you but does no damage.
Unknown command.
Casting: Sandblast (safe; 3% risk of failure)
Confirm with . or Enter, or press ? or * to list all spells.
Aiming: Sandblast (safe; 3% risk of failure)
Press: ? - help, Shift-Dir - straight line, f/p - orc priest
Aim: an orc priest, wielding a +1 dagger of venom and wearing a +0 chain mail (severely wounded, 87% to hit)
The blast of sand hits the orc priest.
The orc priest is almost dead.
The orc priest calls down the wrath of Beogh upon you.
Beogh smites you!
You die...

#.# #.# #.# #.# #.#
#.#####.#### ###.#
#.##.......####)..$.# ##
#.##.........@oo)...#
.###.##.......####....#.
..##.##.............†..!
.....##.......####...##.
..#†.##.......####. ..
.##................# ##
.###.#####.#########
.......###.########
###..............^.


You could see an orc priest and an orc.

Vanquished Creatures
  Grinder (D:4)
  A bombardier beetle (D:3)
  Natasha (D:4)
  An orc wizard (D:4)
  3 adders
  2 worms
  3 dart slugs
  9 orcs
  12 bats
  4 endoplasms
  4 giant cockroaches
  5 goblins
  8 hobgoblins
  6 jackals
  4 quokkas
  6 ball pythons
  A frilled lizard (D:1)
  6 kobolds
  4 rats
81 creatures vanquished.

Notes
Turn   | Place    | Note
-------+----------+-------------------------------------------
     0 | D:1      | Descartes the Deep Elf Wanderer began the quest for the
                  | Orb.
     0 | D:1      | Descartes set off with the following items: a +2
                  | quarterstaff, a +0 pair of gloves, a scroll of
                  | teleportation, a +0 robe; and the following spell
                  | memorised: Sandblast; and the following spells available to
                  | memorise: Stone Arrow.
     0 | D:1      | Reached XP level 1. HP: 12/12 MP: 5/5
    25 | D:1      | Reached skill level 2 in Spellcasting
    54 | D:1      | Reached XP level 2. HP: 16/16 MP: 7/7
   413 | D:1      | Reached skill level 3 in Spellcasting
   470 | D:1      | Reached XP level 3. HP: 20/20 MP: 6/9
  1142 | D:2      | Learned a level 3 spell: Stone Arrow
  1562 | D:3      | Reached skill level 4 in Spellcasting
  1562 | D:3      | Reached XP level 4. HP: 25/25 MP: 8/12
  1678 | D:3      | Found a glowing silver altar of Zin.
  1807 | D:3      | Found a sparkling altar of Nemelex Xobeh.
  2237 | D:4      | Reached XP level 5. HP: 29/29 MP: 12/14
  2264 | D:4      | Noticed Natasha
  2268 | D:4      | Killed Natasha
  2309 | D:4      | Noticed Grinder
  2314 | D:4      | Reached skill level 5 in Spellcasting
  2335 | D:4      | Killed Grinder
  2336 | D:4      | Reached skill level 6 in Spellcasting
  2336 | D:4      | Reached skill level 5 in Earth Magic
  2336 | D:4      | Reached XP level 6. HP: 13/34 MP: 9/17
  2533 | D:4      | Killed from afar by an orc priest

Illustrated notes

Levels and vault maps discovered:
D:1:      spicycebolla_arrival_xxxplode, layout_rooms, minmay_pentomino_q2
D:2:      layout_loops_ring
D:3:      layout_basic, mainiacjoe_overflow_catch_the_wave,
          guppyfry_early_orc_mine
D:4:      minmay_thinvault, layout_loops_ring, uniq_robin, uniq_natasha,
          uniq_grinder

Skill      XL: |  1  2  3  4  5 |
---------------+----------------+-----
Spellcasting   | 2 3 4 6 |  6.8
Earth Magic    | 2 3 5 |  5.0
Fighting       | |  1.5
Staves         | |  4.0
Armour         | |  1.0
Dodging        | |  1.2

Action                     |  1- 3 |  4- 6 || total
---------------------------+-------+-------++-------
  Melee: Quarterstaff      |    54 |    25 ||    79
   Cast: Sandblast         |    43 |    59 ||   102
 Armour: Robe              |     4 |       ||     4
         Swamp dragon scal |    53 |    24 ||    77
  Dodge: Dodged            |    53 |    18 ||    71

Table legend: (Time is in decaauts)
 A = Elapsed time spent in this place.
 B = Non-inter-level travel time spent in this place.
 C = Inter-level travel time spent in this place.
 D = Time resting spent in this place.
 E = Time spent auto-exploring this place.
 F = Levels seen in this place.
 G = Mean time per level.
                   A        B        C        D        E       F      G
               +--------+--------+--------+--------+--------+-----+--------+
         Total |   2590 |   2537 |     53 |      0 |   2103 |   4 |  647.5 |
       Dungeon |   2590 |   2537 |     53 |      0 |   2103 |   4 |  647.5 |
               +--------+--------+--------+--------+--------+-----+--------+

Top non-repeatable levels by time:
     D:2: 794 daAuts
     D:3: 766 daAuts
     D:1: 717 daAuts
     D:4: 312 daAuts
